 Dungeon Crawl Stone Soup version 0.22-a0-467-g5c5de1c (webtiles) character file.

169 Espgualade the Skirmisher (level 5, -1/35 HPs)
             Began as a Tengu Ice Elementalist on June 10, 2018.
             Splashed by Ijyb's acid (12 damage)
             ... on level 3 of the Dungeon.
             The game lasted 00:05:27 (2474 turns).

Espgualade the Skirmisher (Tengu Ice Elementalist)  Turns: 2474, Time: 00:05:27

Health: -1/35      AC: -2    Str: 12    XL:     5   Next: 50%
Magic:  9/9        EV: 12    Int: 16    God:
Gold:   170        SH:  0    Dex: 14    Spells: 2/8 levels left

rFire    . . .     SeeInvis .   e - +0 short sword
rCold    . . .     Gourm    .   (no shield)
rNeg     . . .     Faith    .   a - +0 robe
rPois    .         Spirit   .   (helmet restricted)
rElec    .         Reflect  .   (no cloak)
rCorr    .         Harm     .   (no gloves)
MR       .....                  (boots unavailable)
Stlth    ++........             (no amulet)
HPRegen  0.11/turn              b - +3 ring of strength
MPRegen  0.11/turn              (no ring)

@: corroded
A: beak, talons 3, able to fly 1
a: Fly


You were on level 3 of the Dungeon.
You were hungry.

You visited 1 branch of the dungeon, and saw 3 of its levels.

You collected 170 gold pieces.

Inventory:

Hand Weapons
 e - a +0 short sword (weapon)
Armour
 a - a +0 robe (worn)
Jewellery
 b - a +3 ring of strength (left hand)
 i - an uncursed amulet of regeneration {unknown}
Scrolls
 h - 2 scrolls of remove curse
 j - 2 scrolls of identify
 l - a scroll of teleportation {unknown}
 n - a scroll of magic mapping {unknown}
 p - a scroll of enchant weapon {unknown}
Potions
 d - 5 potions of lignification
 f - a potion of ambrosia
 g - a potion of degeneration {unknown}
 k - a potion of heal wounds
 m - 2 potions of brilliance {unknown}
 o - a potion of invisibility {unknown}
Comestibles
 c - 7 rations


   Skills:
 + Level 5.0 Fighting
 - Level 2.1 Dodging
 - Level 2.0 Stealth
 - Level 2.0 Spellcasting
 - Level 1.3 Conjurations
 - Level 2.6 Ice Magic


You had 2 spell levels left.
You knew the following spells:

 Your Spells              Type           Power        Failure   Level  Hunger
a - Freeze                Ice            ##..         7%          1    #......
b - Throw Frost           Conj/Ice       #.....       14%         2    ###....
c - Ozocubu's Armour      Chrm/Ice       #.......     34%         3    ###....

Your spell library contained the following spells:

 Spells                   Type           Power        Failure   Level  Hunger
 Summon Ice Beast         Ice/Summ       #.......     75%         4    #####..
 Throw Icicle             Conj/Ice       #.......     65%         4    #####..


Dungeon Overview and Level Annotations

Branches:
Dungeon (3/15)

Altars:

Annotations:
D:3 Ijyb


Innate Abilities, Weirdness & Mutations

You have a beak for a mouth.
You have claws for feet.
You can fly.


Message History

The helpless rat fails to defend itself.
You hit the rat.
You kill the rat!
The helpless leopard gecko fails to defend itself.
You puncture the leopard gecko!
You kill the leopard gecko!
h - 2 scrolls of remove curse (gained 1)
i - a dented cameo amulet
m - 2 purple potions (gained 1) Key pressed, stopping explore.
You see here a club.
You are feeling hungry.
Found a club.
Ijyb the Twisted Goblin comes into view.
She is wielding a club.
Ijyb shouts!
Ijyb is nearby!
Ijyb zaps a wand.
The bolt of acid hits you!
Ouch! That really hurt!
The acid corrodes you!
You are splashed with acid!
The acid burns!
You die...

##.......# #[#
....)....# #..
##.......# ##.#
##...>...# .. .#.......#
...###..#####
............#### .
#.##...........#####....
#.##........##..@..g#
..##........#######.....
..##........# ...
####.....)..# .
##########


You could see Ijyb.

Vanquished Creatures
  An orc wizard (D:3)
  4 gnolls (D:2)
  3 adders (D:2)
  3 leopard geckos (D:3)
  3 orcs (D:3)
  A giant cockroach (D:3)
  6 goblins
  11 hobgoblins
  4 jackals (D:3)
  10 kobolds
  11 bats
  4 frilled lizards
  8 rats
69 creatures vanquished.

Notes
Turn   | Place    | Note
-------+----------+-------------------------------------------
     0 | D:1      | Espgualade the Tengu Ice Elementalist began the quest for the Orb.
     0 | D:1      | Reached XP level 1. HP: 10/10 MP: 4/4
    39 | D:1      | Reached skill level 1 in Fighting
   161 | D:1      | Reached XP level 2. HP: 15/16 MP: 6/6
   356 | D:1      | Reached skill level 2 in Fighting
   610 | D:1      | Learned a level 2 spell: Throw Frost
   732 | D:2      | Reached XP level 3. HP: 12/22 MP: 2/7
   980 | D:2      | Reached skill level 3 in Fighting
  1223 | D:2      | Reached XP level 4. HP: 20/28 MP: 4/8
  1472 | D:2      | Reached skill level 4 in Fighting
  1935 | D:2      | Learned a level 3 spell: Ozocubu's Armour
  2003 | D:3      | Gained mutation: You can fly. [Tengu growth]
  2003 | D:3      | Reached XP level 5. HP: 29/34 MP: 9/9
  2337 | D:3      | Reached skill level 5 in Fighting
  2472 | D:3      | Noticed Ijyb
  2474 | D:3      | Splashed by Ijyb's acid

Vault maps used:
D:1:      scummos_arrival_gate
D:3:      first_ration, uniq_ijyb

Skill      XL: |  1  2  3  4  5 |
---------------+----------------+-----
Fighting       | 1 2 3 4 5 |  5.0
Dodging        | |  2.1
Stealth        | |  2.0
Spellcasting   | |  2.0
Conjurations   | |  1.3
Ice Magic      | |  2.6

Action                   |  1- 3 |  4- 6 || total
-------------------------+-------+-------++-------
Melee: Short sword       |    49 |    65 ||   114
       Kick              |    12 |    10 ||    22
       Peck              |     6 |     6 ||    12
       Unarmed           |     1 |       ||     1
 Cast: Freeze            |     6 |    34 ||    40
       Throw Frost       |     1 |     1 ||     2
  Use: Scroll            |     4 |     4 ||     8
       Potion            |       |     2 ||     2
 Stab: Sleeping          |     5 |     3 ||     8
  Eat: Chunk             |     1 |     1 ||     2
       Ration            |       |     1 ||     1
Armor: Robe              |     9 |    15 ||    24
       Skin              |       |    48 ||    48
Dodge: Dodged            |    29 |    59 ||    88

Table legend:
 A = Spawn XP
 B = Non-spawn XP
 C = Spawn XP percentage of total XP
 D = Spawn monster count
 E = Non-spawn monster count
 F = Spawn count percentage of total count
 G = Total turns spent on level
                    A         B        C        D         E        F      G
               +---------+---------+-------+---------+---------+-------+---------
         Total |       0 |     242 |   0.0 |       0 |      69 |   0.0 |  2474
               +---------+---------+-------+---------+---------+-------+---------
           D:1 |       0 |      24 |   0.0 |       0 |      17 |   0.0 |   616
           D:2 |       0 |     130 |   0.0 |       0 |      26 |   0.0 |  1323
           D:3 |       0 |      88 |   0.0 |       0 |      26 |   0.0 |   535
               +---------+---------+-------+---------+---------+-------+---------
